Map: Dusk Towers

Players

Elazer

  • Race: Zerg Zerg
  • League: Grandmaster

PtitDrogo - Winner!

  • Race: Protoss Protoss
  • League: Master

Event: Homestory Cup XII

VOD

Have the link to the VOD?

Description

Time

  • Played on: Dec. 20, 2015, 8:42 a.m.
  • Length: 14:11

All games in this series

Show
View Real Time Build Order
Export as new Build Order

Elazer Zerg 

Build Orders: 3 Hatch before Pool, Lurkers 

Get SALT Encoding   

  12  0:00  Drone  
  13  0:12  Overlord  
  13  0:17  Drone  
  14  0:31  Drone x2  
  14  0:34  Drone  
  17  0:52  Hatchery  
  17  0:54  Drone  
  17  0:57  Drone  
  18  1:18  Hatchery  
  17  1:21  Drone  
  18  1:32  Spawning Pool  
  17  1:36  Drone  
  17  1:39  Drone  
  19  1:42  Drone  
  20  1:49  Drone  
  21  2:00  Drone  
  22  2:04  Drone  
  23  2:12  Drone  
  24  2:16  Drone  
  24  2:19  Queen  
  24  2:22  Overlord  
  27  2:29  Queen  
  29  2:30  Zergling x4  
  29  2:32  Queen  
  29  2:33  Zergling x2  
  34  2:39  Overlord  
  34  2:41  Drone  
  34  2:43  Drone  
  36  2:48  Drone  
  38  2:51  Drone  
  38  2:54  Drone  
  38  2:55  Queen  
  38  2:57  Drone  
  42  3:02  Drone  
  43  3:05  Queen  
  45  3:13  Overlord  
  45  3:16  Zergling x2  
  45  3:17  Zergling x2  
  44  3:38  Drone x3  
  44  3:39  Drone  
  44  3:43  Drone x2  
  44  3:44  Drone  
  44  3:45  Drone  
  44  3:46  Drone  
  48  3:54  Drone x3  
  51  3:55  Extractor  
  51  3:56  Roach Warren, Drone x2, Extractor  
  51  3:57  Drone  
  51  4:04  Overlord  
  51  4:06  Drone  
  52  4:11  Drone  
  52  4:15  Drone  
  52  4:16  Drone  
  55  4:18  Drone x2  
  55  4:20  Drone  
  55  4:22  Overlord x3  
  55  4:23  Drone x3  
  55  4:24  Drone  
  62  4:27  Drone  
  62  4:28  Drone  
  64  4:39  Extractor  
  64  4:40  Lair, Extractor  
  64  4:42  Drone x4  
  66  4:46  Drone  
  66  4:50  Drone  
  66  4:51  Drone  
  66  4:52  Drone x2  
  71  4:54  Drone x2  
  71  4:55  Drone x2  
  71  4:57  Metabolic Boost  
  71  4:58  Hatchery  
  74  5:08  Overlord  
  74  5:09  Drone  
  74  5:12  Drone x2  
  77  5:15  Evolution Chamber x2, Drone  
  77  5:17  Drone x3, Extractor  
  77  5:18  Roach x2  
  77  5:21  Overlord  
  82  5:27  Extractor  
  81  5:30  Drone x3  
  81  5:33  Overlord  
  81  5:34  Roach  
  81  5:35  Roach x2  
  89  5:39  Glial Reconstitution  
  89  5:40  Hydralisk Den  
  89  5:41  Roach x3  
  89  5:42  Overseer  
  94  5:50  Zerg Missile Weapons Level 1, Drone  
  94  5:51  Drone x2  
  94  5:53  Drone x5  
  94  5:55  Drone x2  
  104  6:03  Zerg Ground Armor Level 1  
  104  6:10  Overlord  
  104  6:12  Lurker Den  
  104  6:17  Drone x2  
  106  6:19  Extractor  
  106  6:20  Extractor  
  106  6:25  Hydralisk x3  
  104  6:31  Hydralisk x4  
  118  6:33  Hatchery  
  118  6:36  Overlord x2  
  117  6:40  Roach  
  117  6:44  Overlord x2  
  119  6:48  Overlord x2  
  119  6:49  Overlord  
  119  6:56  Hydralisk x6  
  119  6:59  Roach x2  
  135  7:04  Roach x4  
  143  7:13  Overlord  
  143  7:19  Roach x8  
  155  7:23  Roach x3  
  155  7:27  Ravager x3  
  164  7:33  Overlord  
  134  7:52  Roach x5  
  134  7:53  Zerg Missile Weapons Level 2, Roach x4  
  134  7:55  Muscular Augments  
  134  7:56  Queen  
  134  7:57  Overlord  
  150  8:08  Hatchery  
  150  8:11  Lurker, Ravager  
  151  8:15  Lurker  
  151  8:16  Ravager  
  151  8:18  Lurker x2  
  151  8:19  Zergling x10  
  160  8:22  Lurker  
  160  8:25  Overlord  
  161  8:30  Zergling x12  
  161  8:31  Hydralisk  
  169  8:44  Hydralisk x5  
  169  8:47  Zergling x6  
  182  8:50  Lurker  
  163  8:59  Hydralisk  
  163  9:00  Hydralisk x4  
  155  9:07  Hydralisk x3  
  133  9:18  Lurker x2  
  133  9:19  Lurker  
  133  9:24  Zergling x16  
  132  9:29  Ravager  
  132  9:30  Ravager  
  136  9:32  Ravager  
  136  9:35  Drone x2  
  136  9:36  Drone x9  
  147  9:39  Overlord  
  147  9:40  Drone  
  147  9:41  Drone x3  
  147  9:44  Lurker x2  
  153  9:46  Overseer  
  153  9:49  Drone  
  153  9:50  Drone x2  
  153  9:51  Spore Crawler  
  155  9:54  Lurker x2  
  155  9:55  Spore Crawler  
  155  9:59  Drone  
  157  10:01  Zerg Melee Weapons Level 1  
  157  10:02  Infestation Pit  
  157  10:06  Lurker  
  157  10:15  Drone x3  
  157  10:16  Drone x2  
  157  10:18  Spore Crawler, Lurker x2  
  157  10:19  Lurker  
  164  10:25  Hydralisk  
  164  10:26  Hydralisk x2  
  170  10:35  Hydralisk x4  
  171  10:42  Zergling x10  
  179  10:43  Zergling x6  
  170  10:54  Queen  
  153  10:58  Zergling x22  
  153  10:59  Zergling x8  
  158  11:06  Lurker x4  
  162  11:12  Hydralisk x4  
  170  11:19  Lurker x2  
  170  11:20  Lurker  
  170  11:23  Hive  
  171  11:28  Extractor x2  
  171  11:31  Spore Crawler  
  171  11:32  Spore Crawler  
  167  11:38  Zerg Ground Armor Level 2  
  167  11:48  Spine Crawler  
  167  11:49  Hydralisk x3  
  167  11:50  Zergling x2  
  167  11:51  Zergling x16  
  167  11:53  Lurker x2  
  167  11:54  Overlord  
  173  12:11  Lurker x2  
  173  12:16  Drone x4  
  173  12:17  Drone  
  173  12:18  Zergling x10  
  173  12:19  Zergling x4  
  185  12:23  Hatchery, Overseer  
  185  12:28  Lurker x2  
  185  12:29  Hydralisk x4  
  177  12:35  Zergling x12  
  162  12:40  Hydralisk x2  
  162  12:42  Hydralisk  
  162  12:43  Hydralisk x2  
  126  12:52  Hydralisk  
  126  12:53  Hydralisk x3  
  101  13:07  Queen x3  
  101  13:09  Queen  
  103  13:12  Hydralisk  
  103  13:13  Hydralisk x2  
  103  13:14  Lurker x2  
  103  13:15  Lurker x3, Zergling x10  
  103  13:18  Lurker  
  120  13:25  Hatchery  
  120  13:26  Ultralisk Cavern  
  118  13:27  Overlord x2  
  118  13:29  Zergling x4  
  120  13:38  Zergling x10  
  123  13:45  Zergling x2  
  123  13:46  Zergling x12  
  122  13:49  Lurker x2  
Show
View Real Time Build Order
Export as new Build Order

PtitDrogo Protoss - Winner!

Build Orders: Nexus First, Zealot Archon 

Get SALT Encoding   

  12  0:01  Probe (Chrono Boost)  
  13  0:11  Probe (Chrono Boost)  
  14  0:17  Pylon  
  14  0:22  Probe (Chrono Boost)  
  15  0:35  Probe (Chrono Boost)  
  16  0:46  Probe (Chrono Boost)  
  17  0:58  Nexus  
  17  1:02  Probe (Chrono Boost)  
  18  1:11  Gateway  
  18  1:13  Probe (Chrono Boost)  
  19  1:20  Assimilator  
  19  1:24  Probe (Chrono Boost)  
  20  1:26  Assimilator  
  20  1:34  Probe (Chrono Boost)  
  20  1:39  Gateway  
  21  1:45  Probe (Chrono Boost)  
  22  1:55  Probe (Chrono Boost)  
  22  1:58  Cybernetics Core  
  23  2:10  Probe (Chrono Boost)  
  23  2:11  Probe (Chrono Boost)  
  25  2:20  Probe (Chrono Boost)  
  25  2:22  Probe (Chrono Boost)  
  27  2:31  Probe (Chrono Boost)  
  27  2:32  Probe (Chrono Boost)  
  27  2:35  Adept x2 (Chrono Boost)  
  27  2:36  Warp Gate  
  33  2:42  Probe, Pylon  
  33  2:43  Probe  
  35  2:54  Probe (Chrono Boost)  
  35  2:56  Probe (Chrono Boost)  
  37  3:00  Sentry x2 (Chrono Boost)  
  41  3:06  Probe (Chrono Boost)  
  41  3:07  Probe (Chrono Boost)  
  41  3:09  Pylon  
  43  3:17  Mothership Core (Chrono Boost)  
  43  3:18  Probe (Chrono Boost)  
  45  3:28  Probe (Chrono Boost)  
  46  3:35  Probe (Chrono Boost)  
  46  3:39  Probe (Chrono Boost)  
  46  3:46  Probe (Chrono Boost)  
  45  3:49  Probe (Chrono Boost)  
  45  3:51  Sentry x2  
  50  3:55  Nexus  
  50  3:56  Pylon  
  50  3:58  Robotics Facility  
  50  3:59  Probe (Chrono Boost)  
  50  4:00  Probe (Chrono Boost)  
  50  4:01  Pylon  
  52  4:06  Phoenix  
  52  4:08  Assimilator  
  52  4:09  Assimilator  
  53  4:10  Probe x2 (Chrono Boost)  
  54  4:20  Probe (Chrono Boost)  
  54  4:21  Probe (Chrono Boost)  
  56  4:24  Gateway  
  56  4:29  Twilight Council, Forge  
  57  4:31  Probe (Chrono Boost), Phoenix  
  57  4:35  Probe (Chrono Boost)  
  58  4:41  Probe (Chrono Boost)  
  58  4:44  Probe (Chrono Boost)  
  60  4:47  Observer (Chrono Boost)  
  60  4:48  Zealot x2  
  65  4:53  Probe, Charge  
  65  4:54  Probe  
  67  5:01  Warp Prism (Chrono Boost)  
  67  5:02  Protoss Ground Weapons Level 1 (Chrono Boost)  
  67  5:05  Probe  
  70  5:07  Probe  
  70  5:11  Probe  
  72  5:17  Probe  
  72  5:19  Probe  
  74  5:23  Probe  
  74  5:24  Gateway  
  74  5:25  Gateway  
  74  5:26  Pylon  
  75  5:29  Probe  
  75  5:31  Probe  
  75  5:32  Immortal  
  75  5:34  Pylon  
  77  5:35  Probe  
  77  5:39  Zealot  
  77  5:41  Probe  
  85  5:44  Probe  
  85  5:45  Zealot  
  85  5:47  Assimilator  
  85  5:48  Probe  
  85  5:49  Templar Archives  
  89  5:51  Assimilator  
  89  5:53  Probe  
  89  5:56  Probe  
  91  5:57  Zealot  
  91  6:00  Probe  
  94  6:06  Immortal  
  94  6:07  Gateway  
  94  6:09  Gateway  
  94  6:11  Gateway, Pylon  
  94  6:13  Pylon  
  98  6:27  High Templar  
  98  6:28  Gateway  
  98  6:29  High Templar  
  98  6:30  Gateway  
  98  6:31  Pylon, High Templar x2  
  106  6:34  Archon  
  106  6:37  Archon  
  106  6:41  Immortal  
  106  6:42  Zealot  
  112  6:49  Protoss Ground Weapons Level 2 (Chrono Boost)  
  112  6:55  Nexus  
  112  6:57  Pylon  
  112  6:58  Pylon  
  112  7:06  High Templar x2  
  116  7:10  Pylon  
  116  7:12  Photon Cannon  
  116  7:13  Archon  
  116  7:14  Pylon  
  116  7:27  Zealot x6  
  116  7:28  Zealot x2  
  132  7:31  Probe  
  132  7:33  Probe  
  132  7:39  Zealot x2  
  132  7:41  Probe  
  122  7:51  Immortal  
  106  7:53  Probe  
  103  7:59  Robotics Bay  
  103  8:02  High Templar  
  103  8:03  Zealot x6, High Templar  
  103  8:04  Zealot x2, Robotics Facility  
  117  8:08  Probe, Photon Cannon  
  117  8:10  Archon  
  118  8:22  Probe x3  
  118  8:25  Zealot x3  
  118  8:26  High Templar x3  
  118  8:27  Zealot, High Templar  
  135  8:29  Immortal  
  135  8:30  Archon x2  
  141  8:36  Zealot x2  
  143  8:48  Zealot x4  
  136  8:59  Zealot x5  
  139  9:03  Probe  
  139  9:05  Protoss Ground Weapons Level 3 (Chrono Boost)  
  139  9:08  Warp Prism  
  140  9:22  Zealot x8  
  154  9:29  Probe  
  154  9:30  Probe  
  148  9:33  Probe  
  148  9:34  Photon Cannon  
  148  9:35  Photon Cannon  
  148  9:37  Photon Cannon  
  149  9:39  High Templar x2  
  149  9:42  Assimilator  
  149  9:43  Assimilator  
  149  9:44  Disruptor (Chrono Boost)  
  153  9:47  Disruptor (Chrono Boost)  
  153  9:48  Archon  
  159  9:57  Pylon  
  159  9:58  Pylon  
  159  10:01  Pylon  
  159  10:02  Pylon  
  159  10:06  High Templar x2  
  163  10:10  Archon  
  163  10:11  Pylon  
  163  10:13  Pylon  
  163  10:18  Disruptor (Chrono Boost)  
  163  10:21  Disruptor (Chrono Boost)  
  169  10:34  Zealot x4  
  167  10:43  Zealot x4  
  167  10:44  Zealot  
  167  10:45  Zealot  
  167  10:49  Disruptor (Chrono Boost)  
  169  10:52  Disruptor (Chrono Boost)  
  157  10:59  Probe  
  157  11:00  Probe  
  157  11:01  Probe  
  152  11:07  Zealot x9  
  152  11:08  Zealot  
  168  11:27  Protoss Ground Armor Level 1  
  168  11:28  High Templar x4  
  168  11:29  High Templar x4  
  168  11:30  High Templar  
  168  11:31  High Templar  
  188  11:38  Archon x5  
  188  11:39  Pylon  
  188  11:41  Nexus  
  188  11:42  Pylon  
  188  11:44  Pylon  
  188  11:46  Pylon  
  188  11:47  Pylon  
  188  12:06  Zealot x3  
  188  12:07  Zealot x3  
  144  12:45  Probe  
  144  12:47  Zealot x3  
  144  12:50  Zealot x7  
  159  12:52  Disruptor x2 (Chrono Boost)  
  131  13:14  High Templar x2  
  131  13:15  High Templar x3  
  131  13:16  Zealot x4, High Templar  
  151  13:23  Disruptor (Chrono Boost), Archon x3  
  157  13:29  Warp Prism (Chrono Boost)  
  156  13:34  Nexus  
  156  13:38  Photon Cannon  
  156  13:39  Photon Cannon  
  156  13:40  Photon Cannon  
  155  13:42  Photon Cannon  
  155  13:50  High Templar  
  155  13:51  High Templar x5  
  155  13:52  Zealot x4  
  155  13:55  Archon x3  
Tags
 
Add a new tag
Caveats
  • Supply blocks, unpowered buildings, or Contaminate may cause inaccurate times.
  • Supply counts are checked every 10 seconds.